 Dungeon Crawl Stone Soup version 0.17-a0-1522-g6c5b4ba (webtiles) character file.

11632 mrath the Thaumaturge (level 11, 0/89 HPs)
             Began as a Mottled Draconian Earth Elementalist on July 14, 2015.
             Was a Believer of Vehumet.
             Slain by an unseen horror (4 damage)
             ... on level 10 of the Dungeon.
             The game lasted 03:12:17 (14169 turns).

mrath the Thaumaturge (DrEE)                       Turns: 14169, Time: 03:12:17

Health: 0/89       AC: 10    Str: 10    XL:     11   Next: 51%
Magic:  24/24      EV: 15    Int: 19    God:    Vehumet [**....]
Gold:   300        SH:  0    Dex: 14    Spells: 6 memorised, 11 levels left

rFire  . . .     SeeInvis .     Z - +7 war axe "Undertaker" {flame, rElec Dex+2}
rCold  + . .     Clarity  .     (armour unavailable)
rNeg   . . .     SustAt   .     (no shield)
rPois  .         Gourm    .     (helmet restricted)
rElec  +         Spirit   .     T - +2 cloak
rCorr  .         Warding  .     (no gloves)
rMut   .         Stasis   .     (no boots)
MR     .....                    (no amulet)
Stlth  ++........               N - ring of wizardry
                                n - ring of protection from cold

@: about to teleport, not resistant to hostile enchantments, unstealthy
A: breathe sticky flame splash, unfitting armour, cold-blooded, AC +7
a: Breathe Sticky Flame, Renounce Religion


You were on level 10 of the Dungeon.
You worshipped Vehumet.
Vehumet was pleased with you.
You were not hungry.

You visited 2 branches of the dungeon, and saw 11 of its levels.

You collected 540 gold pieces.
You spent 240 gold pieces at shops.

Inventory:

Hand weapons
 e - a +2 hand crossbow
 y - a +1 dagger
 F - a +3 quarterstaff of chaos
 K - the +2 war axe of Trog's Castigation {speed, +Inv rN+}
   (You found it on level 4 of the Dungeon)

   Attacks with this weapon are significantly faster.
   It protects you from negative energy.
   It lets you turn invisible.
 Z - the +7 war axe "Undertaker" (weapon) {flame, rElec Dex+2}
   (You found it on level 6 of the Dungeon)

   It has been specially enchanted to burn those struck by it, causing extra
   injury to most foes and up to half again as much damage against particularly
   susceptible opponents.
   Big, fiery blades are also staple armaments of hydra-hunters.
   It affects your dexterity (+2).
   It insulates you from electricity.
Missiles
 d - 69 bolts
 f - 50 poisoned needles
 G - 8 poisoned bolts
 M - 104 stones (quivered)
 O - 20 arrows of dispersal
 R - 4 silver javelins
 W - 12 bolts of penetration
Armour
 T - a +2 cloak (worn)
Jewellery
 c - a cursed ring of teleportation {unknown}
 n - a ring of protection from cold (left hand)
 o - a +4 ring of strength
 N - a ring of wizardry (right hand)
 S - a +3 ring of protection {unknown}
 V - a +2 ring of strength
 X - an uncursed ring of flight {unknown}
 Y - a +3 ring of strength
Magical devices
 j - a wand of enslavement (1)
 m - a wand of slowing (18)
 q - a wand of magic darts (20)
 r - a wand of magic darts (16)
 u - a wand of fireball (6)
 P - a wand of flame (26)
Scrolls
 i - 2 scrolls of fear
 k - 4 scrolls of recharging
 l - 3 scrolls of blinking
 p - 2 scrolls of fog
 t - 3 scrolls of enchant armour
 C - a scroll of identify
 E - 3 scrolls of remove curse
 L - a scroll of acquirement {unknown}
Potions
 a - a potion of experience
 g - 2 potions of invisibility {unknown}
 h - a potion of beneficial mutation {unknown}
 v - a potion of brilliance {unknown}
 w - a potion of might
 x - 2 potions of haste {unknown}
 z - a potion of agility {unknown}
 B - 3 potions of curing
 H - 2 potions of magic {unknown}
 I - a potion of resistance {unknown}
 Q - 2 potions of poison {unknown}
Books
 b - a book of Geomancy

   Spells                             Type                      Level
   a - Sandblast                      Earth                        1
   b - Stoneskin                      Transmutation/Earth          2
   c - Passwall                       Transmutation/Earth          3
   d - Stone Arrow                    Conjuration/Earth            3
   e - Petrify                        Transmutation/Earth          4
   f - Lee's Rapid Deconstruction     Earth                        5
 U - a Necronomicon

   Spells                             Type                      Level
   a - Haunt                          Necromancy/Summoning         7
   b - Borgnjor's Revivification      Necromancy                   8
   c - Death's Door                   Charms/Necromancy            8
   d - Necromutation                  Transmutation/Necromancy     8
Comestibles
 s - 27 fruits
 D - 2 beef jerkies


   Skills:
 + Level 6.0 Fighting
 + Level 4.4 Axes
 - Level 2.8 Staves
 + Level 5.9 Dodging
 - Level 1.8 Stealth
 * Level 9.9 Spellcasting
 + Level 6.3 Conjurations
 - Level 1.0 Transmutations
 + Level 8.9 Earth Magic
   Level 4.2 Invocations


You had 11 spell levels left.
You knew the following spells:

 Your Spells              Type           Power        Failure   Level  Hunger
a - Sandblast             Erth           #####.       1%          1    None
b - Stoneskin             Trmt/Erth      ####....     1%          2    None
c - Stone Arrow           Conj/Erth      #####.       1%          3    None
d - Passwall              Trmt/Erth      ####......   1%          3    None
e - Lee's Rapid Deconstr  Erth           #####.....   3%          5    #####..
f - Petrify               Trmt/Erth      ####....     4%          4    ###....


Dungeon Overview and Level Annotations

Branches:
Dungeon (10/15)            Temple (1/1) D:7
   Lair: D:8-11         Orc: D:9-12

Altars:
Ashenzari
Cheibriados
Dithmenos
Elyvilon
Fedhas
Gozag
Kikubaaqudgha
Makhleb
Nemelex Xobeh
Okawaru
Qazlal
Ru
Sif Muna
Trog
Vehumet
Xom
Yredelemnul
Zin
The Shining One

Shops:
D:5 (   D:8 }


Innate Abilities, Weirdness & Mutations

You can spit globs of burning liquid.
You can ignite nearby creatures when you spit burning liquid.
Your weird mottled scales are hard (AC +7).
Your body does not fit into most forms of armour.
You are cold-blooded and may be slowed by cold attacks.


Message History

Okay, then.
Something completely misses you. Something hits you. Something hits you.
* * * LOW HITPOINT WARNING * * *
Something hits you.
* * * LOW HITPOINT WARNING * * *
Something hits you.
* * * LOW HITPOINT WARNING * * *
You barely miss something. Something hits you but does no damage.
Something hits you!
* * * LOW HITPOINT WARNING * * *
You barely miss something. Something hits you.
* * * LOW HITPOINT WARNING * * *
Something hits you.
* * * LOW HITPOINT WARNING * * *
Read which item? (? for menu, Esc to quit)
As you read the scroll of teleportation, it crumbles to dust.
You feel strangely unstable. Something closely misses you. Something hits you.
You die...

...# #.......#
#............. .).#
#.......# #.!...........
.)[#
#.......##...###.....###
...# #####'####..
#.....# ...# #..# ..
#.....# ...# ##.## #'#
#.....# ...#
#..###.####.....# ##.#
##.##..........## #.#
#@.#..........# #.#
###########.#..........#
#.# #.......#
#.#..........#### #.#
#.#####.#
#.#.............. #.#
#.# #.#
#.............### ##.#
#.#####.#
##............# ...#
#.....#.#
#............###
#######..##.#.#
##..............
....[)....#...#
#..######...###


There were no monsters in sight!

Vanquished Creatures
  Gastronok (D:8)
  Prince Ribbit (D:7)
  Eustachio (D:5)
  A water moccasin (D:9)
  3 phantoms
  An ice beast (D:7)
  2 sky beasts
  A necrophage (D:9)
  A black bear (D:7)
  2 orc warriors
  3 centaurs (D:6)
  4 ogres
  A big kobold (D:9)
  2 giant frogs
  A wyvern zombie (D:10)
  5 killer bees (D:10)
  4 scorpions
  7 wights
  A centaur zombie (D:9)
  7 crimson imps
  Crazy Yiuf (D:3)
  3 iguanas
  3 jellies
  10 orc priests
  A gnoll shaman (D:7)
  5 hounds
  5 orc wizards
  9 worker ants
  A hound zombie (D:9)
  A hound skeleton (D:6)
  13 adders
  7 gnolls
  An ooze (D:1)
  2 worms
  3 adder skeletons
  8 giant geckos
  44 orcs
  8 giant cockroaches
  14 hobgoblins
  16 jackals
  8 quokkas
  15 bats
  5 giant newts
  14 goblins
  A jackal zombie (D:6)
  15 kobolds
  A quokka zombie (D:6)
  14 rats
277 creatures vanquished.

Notes
Turn   | Place    | Note
--------------------------------------------------------------
     0 | D:1      | mrath the Draconian Earth Elementalist began the quest for the Orb.
     0 | D:1      | Reached XP level 1. HP: 14/14 MP: 3/3
   241 | D:1      | Reached XP level 2. HP: 20/20 MP: 3/5
   267 | D:1      | Learned a level 2 spell: Stoneskin
   507 | D:1      | Reached XP level 3. HP: 10/26 MP: 7/7
  1035 | D:1      | Learned a level 3 spell: Stone Arrow
  2108 | D:3      | Reached XP level 4. HP: 31/33 MP: 8/8
  2830 | D:3      | Found a deep blue altar of Sif Muna.
  2833 | D:3      | Found a white marble altar of Elyvilon.
  2833 | D:3      | Found an ancient bone altar of Kikubaaqudgha.
  2851 | D:3      | Found a sacrificial altar of Ru.
  2864 | D:3      | Found a shattered altar of Ashenzari.
  2962 | D:3      | Noticed an ogre
  3024 | D:3      | Killed an ogre
  3024 | D:3      | Reached skill level 4 in Spellcasting
  3024 | D:3      | Reached XP level 5. HP: 25/38 MP: 2/11
  3209 | D:3      | Noticed Crazy Yiuf
  3216 | D:3      | Killed Crazy Yiuf
  3306 | D:3      | Learned a level 3 spell: Passwall
  3676 | D:4      | Reached XP level 6. HP: 15/45 MP: 4/13
  4067 | D:4      | Reached skill level 5 in Spellcasting
  4137 | D:4      | Got a polished war axe
  4436 | D:4      | Noticed a phantom
  4726 | D:4      | Reached skill level 6 in Spellcasting
  4726 | D:4      | Reached skill level 5 in Earth Magic
  4726 | D:4      | Your scales start taking on a weird mottled colour.
  4726 | D:4      | Reached XP level 7. HP: 50/50 MP: 7/16
  4787 | D:5      | Entered Level 5 of the Dungeon
  4909 | D:5      | Found an opulent altar of Gozag.
  5223 | D:5      | Noticed Eustachio
  5369 | D:5      | Killed Eustachio
  5935 | D:5      | Reached skill level 7 in Spellcasting
  6197 | D:5      | Reached XP level 8. HP: 49/57 MP: 7/18
  6447 | D:5      | Found Zaginepn's Antique Weapon Boutique.
  7054 | D:6      | Learned a level 5 spell: Lee's Rapid Deconstruction
  7490 | D:6      | Reached skill level 1 in Fighting
  7613 | D:6      | Reached skill level 1 in Conjurations
  7657 | D:6      | Upgraded the game from 0.17-a0-1519-g2001520 to 0.17-a0-1522-g6c5b4ba
  7763 | D:7      | Reached skill level 1 in Staves
  8245 | D:7      | Noticed Prince Ribbit
  8255 | D:7      | Killed Prince Ribbit
  8405 | D:6      | Got an ancient war axe
  8427 | D:6      | Reached skill level 8 in Spellcasting
  8771 | D:6      | Reached XP level 9. HP: 68/68 MP: 10/21
  9599 | D:7      | Identified the +7 war axe "Undertaker" {flame, rElec Dex+2} (You found it on level 6 of the Dungeon)
  9600 | D:7      | Identified the +2 war axe of Trog's Castigation {speed, +Inv rN+} (You found it on level 4 of the Dungeon)
 10403 | D:7      | Found a staircase to the Ecumenical Temple.
 10431 | Temple   | Entered the Ecumenical Temple
 10478 | Temple   | Became a worshipper of Vehumet
 10544 | D:8      | Reached skill level 1 in Axes
 11161 | D:8      | Found Aplariab's Gadget Shoppe.
 11174 | D:8      | Found a burning altar of Makhleb.
 11193 | D:8      | Noticed Gastronok
 11352 | D:8      | Acquired Vehumet's first power
 11352 | D:8      | Offered knowledge of Freeze by Vehumet.
 11657 | D:8      | Killed Gastronok
 11657 | D:8      | Reached skill level 9 in Spellcasting
 11657 | D:8      | Reached XP level 10. HP: 51/80 MP: 3/23
 11982 | D:8      | Bought a wand of fireball (6) for 240 gold pieces
 12338 | D:9      | Found a radiant altar of Vehumet.
 12434 | D:9      | Reached skill level 5 in Dodging
 13250 | D:9      | Reached skill level 5 in Fighting
 13250 | D:9      | Reached XP level 11. HP: 85/89 MP: 24/24
 13271 | D:9      | Learned a level 4 spell: Petrify
 13272 | D:10     | Entered Level 10 of the Dungeon
 13583 | D:10     | Offered knowledge of Sting by Vehumet.
 14168 | D:10     | HP: 3/89 [something (3)]
 14169 | D:10     | Slain by an unseen horror

Vault maps used:
D:1:      lightli_arrival_boilingwater, lemuel_flame_loot_1
D:2:      serial_bayou_pond_d
D:3:      minmay_overflow_temple_star_hex, uniq_crazy_yiuf_cottage
D:5:      nicolae_gozag_seed_capital, first_bread, serial_shops,
          nicolae_shop_overgrown_old_shop, cheibrodos_gnoll_hut, uniq_eustachio
D:6:      st_stairs_1
D:7:      temple_statues, kennysheep_generic_room_8, uniq_prince_ribbit1
D:8:      bloody_makhleb, serial_shops,
          nicolae_shop_competitors_out_of_business, uniq_gastronok
D:9:      blue_anna_alchemist, vehumet_altar_wand_db
D:10:     erik_lair_island, nicolae_alphabet_shops
Temple:   circular_temple_pool_12

Action                   |  1- 3 |  4- 6 |  7- 9 | 10-12 || total
-------------------------+-------+-------+-------+-------++-------
Melee: Club              |    16 |       |       |       ||    16
       Mace              |     3 |    47 |       |       ||    50
       Hammer            |       |    55 |       |       ||    55
       Quarterstaff      |       |    39 |   227 |       ||   266
       War axe           |       |       |    60 |    52 ||   112
       Shortbow          |       |       |     2 |       ||     2
 Fire: Shortbow          |       |       |   149 |       ||   149
       Hand crossbow     |       |       |     9 |    47 ||    56
Throw: Stone             |       |       |     1 |       ||     1
       Tomahawk          |       |       |    10 |       ||    10
 Cast: Sandblast         |    60 |    40 |    74 |     4 ||   178
       Stoneskin         |       |     4 |    22 |       ||    26
       Stone Arrow       |       |     2 |    42 |    17 ||    61
       Lee's Rapid Decon |       |       |    17 |     7 ||    24
 Abil: Breathe Sticky Fl |       |       |     1 |       ||     1
  Use: Scroll            |     6 |     2 |     7 |     6 ||    21
       Potion            |       |       |     5 |     3 ||     8
 Stab: Sleeping          |       |       |     2 |       ||     2
  Eat: Bread ration      |     1 |     1 |     1 |       ||     3
       Chunk             |       |     4 |    18 |     1 ||    23
       Meat ration       |       |       |     1 |     2 ||     3
